 Dungeon Crawl Stone Soup version 0.29.0-4-gdea44cf6ec (webtiles) character file.

Game seed: 9713033701420662871

35 qw the Chopper (level 3, 0/21 HPs)
             Began as a Tengu Warper on Aug 28, 2022.
             Succumbed to an adder's poison
             ... on level 2 of the Dungeon.
             The game lasted 00:00:07 (1601 turns).

qw the Chopper (Tengu Warper)                       Turns: 1601, Time: 00:00:08

Health: 0/21       AC:  3    Str: 13    XL:     3   Next: 35%
Magic:  7/7        EV: 16    Int: 13    God:
Gold:   118        SH:  0    Dex: 13    Spells: 6/6 levels left

rFire   . . .      SeeInvis .   j - +0 hand axe (vamp)
rCold   . . .      Faith    .   (no shield)
rNeg    . . .      Spirit   .   b - +0 leather armour
rPois   .          Reflect  .   (helmet restricted)
rElec   .          Harm     .   (no cloak)
rCorr   .          Rampage  .   (no gloves)
Will    .....                   (boots unavailable)
Stlth   +.........              (no amulet)
HPRegen 0.07/turn               k - +4 ring of evasion
MPRegen 0.10/turn               (no ring)

@: lethally poisoned (0 -> -6), about to teleport
A: beak, talons 3
a: no special abilities


You were on level 2 of the Dungeon.
You visited 1 branch of the dungeon, and saw 2 of its levels.

You collected 118 gold pieces.


Innate Abilities, Weirdness & Mutations

You have a beak for a mouth.
You have claws for feet.


   Skills:
 - Level 2.0 Fighting
 + Level 4.1 Axes
 - Level 1.0 Throwing
 - Level 1.1 Armour
 - Level 2.1 Dodging
 - Level 2.0 Spellcasting
 - Level 2.4 Translocations


You had 6 spell levels left.
You didn't know any spells.
Your spell library contained the following spells:

 Spells                   Type           Power      Damage    Failure   Level
 Blink                    Tloc           14%        N/A       19%         2
 Gell's Gravitas          Tloc           7%         N/A       36%         3
 Lesser Beckoning         Tloc           7%         N/A       36%         3
 Teleport Other           Tloc           7%         N/A       36%         3
 Manifold Assault         Tloc           7%         N/A       98%         5

Inventory:

Hand Weapons
 h - a +0 whip
 j - a +0 vampiric hand axe (weapon)
Armour
 b - a +0 leather armour (worn)
 l - a +0 ring mail
 m - a +0 buckler
Jewellery
 c - a ring of resist corrosion
 k - a +4 ring of evasion (left hand)
Scrolls
 e - a scroll of enchant weapon {unknown}
 f - 3 scrolls of identify
 g - a scroll of teleportation
 i - a scroll of brand weapon
Potions
 a - a potion of curing {unknown}
 d - a potion of haste

Dungeon Overview and Level Annotations

Branches:
Dungeon (2/15)

Altars:


Message History

The adder closely misses you.
You barely miss the adder. Your peck misses the adder. The adder bites you.
You are poisoned.
The adder poisons you!
You hit the adder but do no damage. Your kick misses the adder.
You peck the adder, but do no damage.
You feel sick. The adder bites you but does no damage.
The adder closely misses you.
You barely miss the adder.
You feel sick. The adder barely misses you.
You closely miss the adder. Your kick misses the adder.
You barely miss the rat.
You feel sick. The adder barely misses you. The rat closely misses you.
The adder bites you.
You hit the adder.
You feel better.
You claw the adder. Your peck misses the adder.
The adder is moderately wounded.
You hit the rat.
You feel better.
You feel sick. The rat bites you. The adder completely misses you.
You barely miss the rat. Your kick misses the rat.
The rat is heavily wounded.
You barely miss the adder.
You feel sick.
You are no longer poisoned.
The adder bites you but does no damage. The rat barely misses you.
The adder bites you. The rat bites you.
You hit the adder.
You feel better.
The adder is heavily wounded.
You hit the rat.
You feel better. The adder bites you. The rat bites you but does no damage.
You closely miss the adder.
The adder is heavily wounded.
You hit the rat but do no damage. The adder bites you.
The rat barely misses you. The adder bites you.
You are lethally poisoned!
The adder poisons you!
1601 ||| READING 2 scrolls of teleportation.
As you read the scroll of teleportation, it crumbles to dust.
You feel strangely unstable.
You die...

#.####.....<#.#.#.# #.#.........
#.###########.#.#.## #.#.........
#.............#.#..# #.##########
###############.##.###.##########
#.##..##.##........
######.###....##.####...
#........#####....# #...
#........# #.#..# #... #......r@#
#.#.)####### #......S.#
#.#....####. #........#
#.##.....#.. #........#
#........... #........#
########..## .........
........... ........# ########>#.
........# #.#. #.#.


You could see an adder and a rat.

Vanquished Creatures
  A worm (D:2)
  2 endoplasms (D:2)
  3 giant cockroaches
  3 hobgoblins
  4 kobolds
  2 quokkas (D:1)
  6 ball pythons
  A bat (D:1)
  2 frilled lizards
  3 goblins
  4 rats (D:1)
31 creatures vanquished.

Notes
Turn   | Place    | Note
-------+----------+-------------------------------------------
     0 | D:1      | qw the Tengu Warper began the quest for the Orb.
     0 | D:1      | Reached XP level 1. HP: 12/12 MP: 4/4
     0 | D:1      | 0 ||| qw: Version: 0.1-a-89-g26bdef1
     0 | D:1      | 0 ||| qw: Game counter: 1042
     0 | D:1      | 0 ||| qw: Always use a shield: true
     0 | D:1      | 0 ||| qw: God list: Okawaru
     0 | D:1      | 0 ||| qw: Allow faded altars: false
     0 | D:1      | 0 ||| qw: Do Orc after D:15 true
     0 | D:1      | 0 ||| qw: Do second Lair branch before Depths: true
     0 | D:1      | 0 ||| qw: Lair rune preference: random
     0 | D:1      | 0 ||| qw: Plans: Normal
     0 | D:1      | 0 ||| PLANNING D:1-11
   205 | D:1      | Reached skill level 3 in Axes
   205 | D:1      | Reached XP level 2. HP: 17/17 MP: 6/6
   456 | D:1      | 456 ||| Stepping ~*~*~tactically~*~*~ (stealth).
  1045 | D:1      | 1045 ||| UPGRADING to +4 ring of evasion.
  1046 | D:1      | 1046 ||| READING 2 scrolls labelled GAKEOV ASSIYXZAU.
  1047 | D:1      | 1047 ||| READING 2 scrolls labelled SUNAMI FOIGA.
  1048 | D:1      | 1048 ||| READING 2 scrolls labelled BURHAMOCEZ.
  1053 | D:1      | 1053 ||| READING 2 scrolls labelled GYITEI EBAOTTO.
  1054 | D:1      | 1054 ||| READING scroll labelled NOIKKI JUDOGEU.
  1055 | D:1      | 1055 ||| DRINKING 2 ruby potions.
  1056 | D:1      | 1056 ||| DROPPING scroll of poison.
  1057 | D:1      | 1057 ||| DROPPING scroll of blinking.
  1093 | D:2      | Found a faded altar of an unknown god.
  1184 | D:2      | Reached XP level 3. HP: 16/21 MP: 7/7
  1387 | D:2      | Reached skill level 4 in Axes
  1517 | D:2      | 1517 ||| Stepping ~*~*~tactically~*~*~ (stealth).
  1600 | D:2      | HP: 2/21 [adder (4)]
  1601 | D:2      | 1601 ||| READING 2 scrolls of teleportation.
  1601 | D:2      | Succumbed to an adder's poison

Levels and vault maps discovered:
D:1:      psy_arrival_spokes, layout_basic
D:2:      layout_basic, hellmonk_ecumenical_altar_crossroads,
          minmay_misc_feat_encased

Skill      XL: |  1  2  3 |
---------------+----------+-----
Axes           | 3 4 |  4.1
Fighting       | |  2.0
Throwing       | |  1.0
Armour         | |  1.1
Dodging        | |  2.1
Spellcasting   | |  2.0
Translocations | |  2.4

Action                   || total
-------------------------++-------
Melee: Hand axe          ||    63
       Peck              ||     9
       Kick              ||    15
Throw: Boomerang         ||     7
  Use: Scroll            ||     6
       Potion            ||     1
Armor: Leather armour    ||     6
Dodge: Dodged            ||    23

Table legend:
 A = Non-vault XP
 B = Vault XP
 C = Vault XP percentage of total XP
 D = Non-vault monster count
 E = Vault monster count
 F = Vault count percentage of total count
                 A         B        C        D         E       F
            +---------+---------+-------+---------+---------+-------
      Total |      51 |       0 |   0.0 |      31 |       0 |   0.0
            +---------+---------+-------+---------+---------+-------
        D:1 |      30 |       0 |   0.0 |      20 |       0 |   0.0
        D:2 |      21 |       0 |   0.0 |      11 |       0 |   0.0
            +---------+---------+-------+---------+---------+-------
